 Dungeon Crawl Stone Soup version 0.24-a0-132-ge4b1dce (webtiles) character file.

Game seed: 0

101 Gunnerkreig the Magician (level 4, -2/33 HPs)
             Began as a Draconian Wizard on Feb 27, 2019.
             Slain by Robin
             ... wielding a +0 dagger
              (3 damage)
             ... on level 2 of the Dungeon on Feb 28, 2019.
             The game lasted 00:10:17 (1729 turns).

Gunnerkreig the Magician (Draconian Wizard)         Turns: 1729, Time: 00:10:18

Health: -2/33      AC:  5    Str:  9    XL:     4   Next: 48%
Magic:  4/9        EV: 11    Int: 20    God:
Gold:   56         SH:  3    Dex:  9    Spells: 9/10 levels left

rFire    . . .     SeeInvis .   j - +0 short sword
rCold    . . .     Gourm    .   g - +0 buckler
rNeg     . . .     Faith    .   (armour unavailable)
rPois    .         Spirit   .   a - +0 hat
rElec    .         Reflect  .   (no cloak)
rCorr    .         Harm     .   (no gloves)
MR       .....                  (no boots)
Stlth    +++.......             (no amulet)
HPRegen  0.11/turn              d - ring of stealth
MPRegen  0.11/turn              (no ring)

@: berserk cooldown, slowed, very slow
A: unfitting armour, cold-blooded, AC +5
a: no special abilities


You were on level 2 of the Dungeon.
You were hungry.

You visited 1 branch of the dungeon, and saw 2 of its levels.

You collected 56 gold pieces.

Inventory:

Hand Weapons
 h - a +0 dagger
 j - a +0 short sword (weapon)
 p - a +0 hunting sling
Missiles
 e - 31 poisoned needles
 f - 80 stones (quivered)
 r - 3 needles of confusion
Armour
 a - a +0 hat (worn)
 g - a +0 buckler (worn)
Jewellery
 d - a ring of stealth (left hand)
Scrolls
 b - a scroll of identify
 k - a scroll of random uselessness {unknown}
 l - a scroll of blinking {unknown}
 q - a scroll of remove curse {unknown}
Potions
 m - a potion of agility {unknown}
 n - a potion of magic {unknown}
Comestibles
 c - 3 rations


   Skills:
 - Level 1.7 Dodging
 - Level 1.7 Stealth
 - Level 1.0 Shields
 + Level 3.7 Spellcasting
 * Level 3.4 Conjurations
   Level 1.0 Summonings
   Level 1.0 Translocations


You had 9 spell levels left.
You knew the following spells:

 Your Spells              Type           Power        Failure   Level  Hunger
a - Magic Dart            Conj           ###.         4%          1    None

Your spell library contained the following spells:

 Spells                   Type           Power        Failure   Level  Hunger
 Blink                    Tloc           N/A          19%         2    ##.....
 Call Imp                 Summ           #.......     19%         2    ##.....
 Slow                     Hex            #.......     28%         2    ##.....
 Conjure Flame            Conj/Fire      ##......     28%         3    ###....
 Mephitic Cloud           Conj/Pois/Air  #.......     36%         3    ###....


Dungeon Overview and Level Annotations

Branches:
Dungeon (2/15)

Altars:
Elyvilon

Annotations:
D:2 Robin


Innate Abilities, Weirdness & Mutations

Your plain brown scales are hard. (AC +5)
You cannot fit into any form of body armour.
You are cold-blooded and may be slowed by cold attacks.


Message History

Robin is heavily wounded.
The goblin hits you with a +0 club.
* * * LOW HITPOINT WARNING * * *
Robin roars a battlecry!
The goblin goes into a battle-frenzy!
The goblin hits you but does no damage. Robin hits you but does no damage.
You hit Robin but do no damage.
Robin is heavily wounded.
Robin misses you. The goblin hits you with a +0 club.
* * * LOW HITPOINT WARNING * * *
Robin hits you but does no damage.
You hit the goblin but do no damage. Robin hits you but does no damage.
You block the goblin's attack. The goblin barely misses you.
You barely miss the goblin. The goblin hits you but does no damage.
The goblin barely misses you. Robin hits you with a +0 dagger.
* * * LOW HITPOINT WARNING * * *
You barely miss the goblin. The goblin hits you with a +0 club.
* * * LOW HITPOINT WARNING * * *
Robin hits you with a +0 dagger.
You die... ... ... #.# gg#

#g# #g# ♣♣ #g# ##
♣♣.♣ #@# #.♣♣♣..♣
#g# #.♣♣..♣ #.#
##...♣.♣♣♣ #(#
###....♣..♣. #.#
#...........
#.#####.......##..
#.............##.#
#######..........#
#.....>.####


You could see Robin, a hobgoblin and 4 goblins.

Vanquished Creatures
  A worker ant (D:2)
  3 adders (D:2)
  2 worms (D:2)
  3 dart slugs
  2 giant cockroaches
  11 goblins
  3 jackals (D:1)
  A quokka (D:2)
  3 bats (D:1)
  3 kobolds
  9 rats
41 creatures vanquished.

Notes
Turn   | Place    | Note
-------+----------+-------------------------------------------
     0 | D:1      | Gunnerkreig the Draconian Wizard began the quest for the
                  | Orb.
     0 | D:1      | Reached XP level 1. HP: 14/14 MP: 4/4
   179 | D:1      | Reached XP level 2. HP: 20/20 MP: 3/6
   847 | D:2      | Found a white marble altar of Elyvilon.
   929 | D:2      | Reached skill level 1 in Shields
   988 | D:2      | Reached XP level 3. HP: 25/26 MP: 2/7
  1083 | D:2      | HP: 1/26 [worker ant (2)]
  1100 | D:2      | Reached XP level 4. HP: 9/33 MP: 1/9
  1706 | D:2      | Noticed Robin
  1729 | D:2      | HP: 1/33 [goblin/+0 club[Robin] (2)]
  1729 | D:2      | Slain by Robin

Levels and vault maps discovered:
D:1:      dpeg_arrival_prison, layout_rooms
D:2:      layout_loops_corners, chequers_ecumenical_altar_grove,
          elyvilon_altar_1, uniq_robin

Skill      XL: |  1  2  3 |
---------------+----------+-----
Conjurations   | 2 3 |  3.4
Shields        | 1 |  1.0
Dodging        | |  1.7
Stealth        | |  1.7
Spellcasting   | |  3.7
Summonings     | |  1.0
Translocations | |  1.0

Action                   |  1- 3 |  4- 6 || total
-------------------------+-------+-------++-------
Melee: Unarmed           |    25 |       ||    25
       Tailslap          |     5 |     4 ||     9
       Dagger            |     1 |       ||     1
       Short sword       |    26 |    21 ||    47
 Cast: Magic Dart        |    61 |    29 ||    90
  Use: Scroll            |     1 |     1 ||     2
       Potion            |     2 |     1 ||     3
  Eat: Chunk             |       |     2 ||     2
Armor: Skin              |    21 |     9 ||    30
Dodge: Dodged            |    46 |    10 ||    56
Block: Buckler           |     1 |     5 ||     6

Table legend:
 A = Non-vault XP
 B = Vault XP
 C = Vault XP percentage of total XP
 D = Non-vault monster count
 E = Vault monster count
 F = Vault count percentage of total count
                 A         B        C        D         E       F
            +---------+---------+-------+---------+---------+-------
      Total |     130 |      15 |  10.3 |      32 |       9 |  22.0
            +---------+---------+-------+---------+---------+-------
        D:1 |      25 |       2 |   7.4 |      14 |       2 |  12.5
        D:2 |     105 |      13 |  11.0 |      18 |       7 |  28.0
            +---------+---------+-------+---------+---------+-------
